 Dungeon Crawl Stone Soup version 0.28-a0-863-g8cecda6153 (webtiles) character file.

Game seed: 7088589237199504656

112 vineage the Skirmisher (level 4, 0/30 HPs)
             Began as a Gargoyle Fighter on Nov 19, 2021.
             Slain by Sigmund (8 damage)
             ... on level 3 of the Dungeon.
             The game lasted 00:03:17 (2790 turns).

vineage the Skirmisher (Gargoyle Fighter)           Turns: 2790, Time: 00:03:17

Health: 0/30       AC: 10    Str: 21    XL:     4   Next: 93%
Magic:  4/4        EV:  9    Int:  8    God:
Gold:   93         SH:  4    Dex:  9    Spells: 3/3 levels left

rFire   . . .      SeeInvis .   e - +2 whip (drain)
rCold   . . .      Faith    .   c - +0 buckler
rNeg    + . .      Spirit   .   b - +0 scale mail
rPois   ∞          Reflect  .   (no helmet)
rElec   +          Harm     .   (no cloak)
rCorr   .          Rampage  .   (no gloves)
Will    .....                   (no boots)
Stlth   ..........              (no amulet)
HPRegen 0.10/turn               (no ring)
MPRegen 0.09/turn               (no ring)

@: no status effects
A: sickness immunity, AC +3, negative energy resistance 1, electricity
resistance, torment resistance 1, petrification resistance
a: no special abilities


You were on level 3 of the Dungeon.
You visited 1 branch of the dungeon, and saw 3 of its levels.

You collected 93 gold pieces.

Inventory:

Hand Weapons
 a - a +0 flail
 e - a +2 whip of draining (weapon)
Missiles
 g - a throwing net (quivered)
Armour
 b - a +0 scale mail (worn)
 c - a +0 buckler (worn)
Scrolls
 h - a scroll of vulnerability
 i - 2 scrolls of teleportation
 j - 2 scrolls of amnesia
 l - a scroll of noise {unknown}
Potions
 d - a potion of might
 f - 2 potions of curing {unknown}
 k - a potion of ambrosia {unknown}


   Skills:
 * Level 4.3 Fighting
 * Level 3.2 Maces & Flails
 + Level 3.8 Armour
 + Level 3.9 Shields


You had 3 spell levels left.
You didn't know any spells.
Your spell library was empty.

Dungeon Overview and Level Annotations

Branches:
Dungeon (3/15)

Altars:

Annotations:
D:3 Sigmund


Innate Abilities, Weirdness & Mutations

You are immune to sickness and miasma.
Your stone body is resilient. (AC +3)
You are immune to poison.
You resist negative energy. (rN+)
You are resistant to electric shocks. (rElec)
You are resistant to unholy torment.
You are immune to petrification.


Message History

Sigmund seems less drained.
Sigmund screams, "You will never...
NEVER!!!"
Sigmund zaps a wand.
You resist with some effort.
The now-empty wand crumbles to dust.
Sigmund misses you.
You touch Sigmund but do no damage.
Sigmund is almost dead.
Sigmund barely misses you.
You barely miss Sigmund.
Sigmund is almost dead.
You touch Sigmund but do no damage.
Sigmund is almost dead.
Sigmund barely misses you.
You touch Sigmund but do no damage.
Sigmund is almost dead.
Sigmund casts a spell at you. The magic dart hits you!
Sigmund mumbles some strange words.
Sigmund flickers and vanishes!
Deactivating autopickup; reactivate with Ctrl-A.
You touch something.
You hear some strange, mumbled words.
A puff of flame appears from out of thin air!
The puff of flame hits you. You resist.
You touch something but do no damage.
You hear some strange, mumbled words.
A puff of flame appears from out of thin air!
The puff of flame hits you. You resist.
You barely miss something. Something hits you.
You miss something.
Your transformation has ended.
Your +2 whip of draining unmelds from your body.
Your +0 buckler unmelds from your body.
Your +0 scale mail unmelds from your body.
You sense an unholy aura.
You hear some strange, mumbled words.
A puff of flame appears from out of thin air!
The puff of flame hits you.
* * * LOW HITPOINT WARNING * * *
Something hits you!
You die...

#......#..##... #+
#......#..##.##
#.#######......#..##..|
................>.....
#...........###.##)##
#...........# #.##...
#...^.......# #.##...
#.......<...# #......
+..{@..###### ###..##
#......# #...)
..........# #....
###.......# #####
#.####+## #. #


There were no monsters in sight!

Vanquished Creatures
  3 adders (D:2)
  3 worms (D:2)
  5 dart slugs
  An orc (D:3)
  8 bats
  5 endoplasms
  2 giant cockroaches (D:1)
  5 goblins
  6 hobgoblins
  6 quokkas
  7 ball pythons
  2 frilled lizards (D:2)
  5 kobolds
  5 rats
63 creatures vanquished.

Vanquished Creatures (others)
  4 toadstools (D:1)
4 creatures vanquished.

Grand Total: 67 creatures vanquished

Notes
Turn   | Place    | Note
-------+----------+-------------------------------------------
     0 | D:1      | vineage the Gargoyle Fighter began the quest for the Orb.
     0 | D:1      | Reached XP level 1. HP: 14/14 MP: 1/1
   192 | D:1      | Reached XP level 2. HP: 14/19 MP: 2/2
   921 | D:1      | Reached XP level 3. HP: 24/24 MP: 3/3
  1325 | D:2      | Reached skill level 4 in Fighting
  1444 | D:2      | Reached XP level 4. HP: 23/29 MP: 4/4
  2702 | D:3      | Found a faded altar of an unknown god.
  2764 | D:3      | Noticed Sigmund
  2790 | D:3      | Slain by Sigmund

Illustrated notes

Levels and vault maps discovered:
D:1:      ldierk_walled_garden_2, layout_basic
D:2:      minmay_angry_zag, layout_loops_ring
D:3:      layout_basic, hellmonk_ecumenical_altar_lost_god, uniq_sigmund

Skill      XL: |  1  2  3  4 |
---------------+-------------+-----
Fighting       | 4 |  4.3
Maces & Flails | 3 |  3.2
Armour         | |  3.8
Shields        | |  3.9

Action                   |  1- 3 |  4- 6 || total
-------------------------+-------+-------++-------
Melee: Flail             |   121 |    38 ||   159
       Whip              |       |    43 ||    43
       Unarmed           |       |    16 ||    16
  Use: Scroll            |       |     4 ||     4
Armor: Scale mail        |    86 |    29 ||   115
Dodge: Dodged            |    65 |    34 ||    99
Block: Buckler           |    17 |     6 ||    23

Table legend: (Time is in decaauts)
 A = Elapsed time spent in this place.
 B = Non-inter-level travel time spent in this place.
 C = Inter-level travel time spent in this place.
 D = Time resting spent in this place.
 E = Time spent auto-exploring this place.
 F = Levels seen in this place.
 G = Mean time per level.
                   A        B        C        D        E       F      G
               +--------+--------+--------+--------+--------+-----+--------+
         Total |   2830 |   2782 |     48 |      0 |   2334 |   3 |  943.3 |
       Dungeon |   2830 |   2782 |     48 |      0 |   2334 |   3 |  943.3 |
               +--------+--------+--------+--------+--------+-----+--------+

Top non-repeatable levels by time:
     D:1: 1342 daAuts
     D:2: 1300 daAuts
     D:3: 187 daAuts
